 Dungeon Crawl Stone Soup version 0.21.1-1-g345015f (webtiles) character file.

189 tidbits the Insei (level 5, -1/41 HPs)
             Began as a Gnoll Transmuter on Feb 9, 2018.
             Slain by a sky beast (5 damage)
             ... on level 5 of the Dungeon.
             The game lasted 00:06:28 (709 turns).

tidbits the Insei (Gnoll Transmuter)                 Turns: 709, Time: 00:06:29

Health: -1/41      AC:  2    Str: 12    XL:     5   Next: 68%
Magic:  12/12      EV: 15    Int: 17    God:
Gold:   120        SH:  0    Dex: 15    Spells: 8/14 levels left

rFire    . . .     SeeInvis .   h - +0 short sword
rCold    . . .     Gourm    .   (no shield)
rNeg     . . .     Faith    .   b - +0 robe
rPois    +         Spirit   .   (no helmet)
rElec    .         Reflect  .   (no cloak)
rCorr    .         Harm     .   (no gloves)
MR       .....                  (no boots)
Stlth    ++........             (no amulet)
HPRegen  0.13/turn              P - ring of poison resistance
MPRegen  0.13/turn              (no ring)

@: no status effects
A: distributed training, fangs 1, strong nose
a: no special abilities


You were on level 5 of the Dungeon.
You were not hungry.

You visited 1 branch of the dungeon, and saw 5 of its levels.

You collected 120 gold pieces.

Inventory:

Hand Weapons
 h - a +0 short sword (weapon)
 j - a cursed +0 trident
Missiles
 a - 50 arrows
Armour
 b - a +0 robe (worn)
Jewellery
 P - a ring of poison resistance (left hand)
   (You found it on level 5 of the Dungeon)
Wands
 p - a wand of paralysis (12)
Scrolls
 e - a scroll of random uselessness {unknown}
 f - 4 scrolls of remove curse {unknown}
 g - 2 scrolls of magic mapping
 k - a scroll of amnesia {unknown}
 m - a scroll of teleportation
 n - a scroll of fear {unknown}
Potions
 i - 2 potions of curing
 l - a potion of flight
Books
 c - a book of Changes

   Spells                             Type                      Level
   a - Beastly Appendage              Transmutation                1
   b - Sticks to Snakes               Transmutation                2
   c - Spider Form                    Transmutation/Poison         3
   d - Ice Form                       Ice/Transmutation            4
   e - Blade Hands                    Transmutation                5
Comestibles
 d - 2 rations


   Skills:
 + Level 3.0 Fighting
 + Level 1.5 Short Blades
 + Level 1.5 Long Blades
 + Level 1.5 Axes
 + Level 1.5 Maces & Flails
 + Level 1.5 Polearms
 + Level 1.5 Staves
 + Level 1.5 Slings
 + Level 1.5 Bows
 + Level 1.5 Crossbows
 + Level 1.5 Throwing
 + Level 1.5 Armour
 + Level 4.8 Dodging
 + Level 1.5 Stealth
 + Level 1.5 Shields
 + Level 6.7 Unarmed Combat
 + Level 5.2 Spellcasting
 + Level 1.2 Conjurations
 + Level 1.2 Hexes
 + Level 1.2 Charms
 + Level 1.2 Summonings
 + Level 1.2 Necromancy
 + Level 1.2 Translocations
 + Level 4.0 Transmutations
 + Level 1.2 Fire Magic
 + Level 1.2 Ice Magic
 + Level 1.2 Air Magic
 + Level 1.2 Earth Magic
 + Level 1.2 Poison Magic
 + Level 1.7 Invocations
 + Level 1.5 Evocations


You had 8 spell levels left.
You knew the following spells:

 Your Spells              Type           Power        Failure   Level  Hunger
e - Beastly Appendage     Tmut           ###...       2%          1    None
k - Sticks to Snakes      Tmut           ###.....     4%          2    #......
p - Spider Form           Tmut/Pois      ##........   14%         3    ###....


Dungeon Overview and Level Annotations

Branches:
Dungeon (5/15)
 Temple: D:4-7

Altars:
Ru


Innate Abilities, Weirdness & Mutations

Your experience applies equally to all skills.
You have very sharp teeth.
Your uncanny sense of smell can sniff out nearby items.


Message History

Confirm with . or Enter, or press ? or * to list all spells.
You create 2 snakes!
You now have 50 arrows.
The adder zombie completely misses you.
You hit the adder zombie but do no damage.
The adder zombie barely misses you.
Your ball python barely misses the adder zombie.
Your ball python grabs the adder zombie.
Your ball python constricts the adder zombie.
The adder zombie bites you but does no damage.
You hit the adder zombie.
The adder zombie is moderately damaged.
Your ball python bites the adder zombie.
Your ball python constricts the adder zombie.
The adder zombie barely misses you.
You barely miss the adder zombie. You claw the adder zombie.
The adder zombie is moderately damaged.
Your ball python barely misses the adder zombie.
Your ball python constricts the adder zombie.
Your ball python bites the adder zombie.
The adder zombie barely misses your ball python.
You hit the adder zombie. You claw the adder zombie.
The adder zombie is almost destroyed.
Your ball python bites the adder zombie.
The adder zombie is destroyed!
You see here a scroll labeled CASCHE ARAPLI.
f - 4 scrolls labeled CASCHE ARAPLI (gained 1)
You swap places.
The helpless worker ant fails to defend itself.
You hit the worker ant.
You bite the worker ant, but do no damage.
The worker ant is moderately wounded.
The worker ant barely misses you.
You hit the worker ant. You claw the worker ant.
The worker ant is severely wounded.
The worker ant barely misses you.
Your ball python bites the worker ant but does no damage.
Your ball python closely misses the worker ant.
The worker ant bites your ball python.
Your ball python dies!
You hit the worker ant but do no damage.
Your bite misses the worker ant.
The worker ant is severely wounded.
The worker ant closely misses you.
Your ball python closely misses the worker ant.
Your ball python grabs the worker ant.
Your ball python constricts the worker ant.
You hit the worker ant.
The worker ant is almost dead.
Your transformation is almost over.
Your ball python bites the worker ant but does no damage.
Your ball python constricts the worker ant.
The worker ant closely misses you.
You hit the worker ant.
You kill the worker ant!
Your Transmutations skill increases to level 4!
Found a scroll of identify.
Found a stone staircase leading down.
An ogre comes into view. It is wielding a giant club.
Your talons disappear.
Evoke which item? (* to show all) (? for menu, Esc to quit)
Aiming: Paralyse
Press: ? - help, Shift-Dir - straight line, f - ogre
Aim: an ogre, wielding a giant club (resting, chance to defeat MR: 50%)
The ogre shouts!
The ogre suddenly stops moving!
A sky beast comes into view.
The sky beast hits you. The sky beast shocks you.
You see here a scroll of identify.
You miss the sky beast.
Your ball python bites the sky beast but does no damage.
The sky beast flickers out of sight!
Something hits you. Something shocks you.
Something hits you but does no damage. Something hits you.
Something shocks you.
* * * LOW HITPOINT WARNING * * *
A worker ant comes into view.
The helpless ogre fails to defend itself.
You puncture the ogre!
The ogre is moderately wounded.
The worker ant moves out of view.
Your ball python bites the ogre but does no damage.
Something hits you.
* * * LOW HITPOINT WARNING * * *
Something shocks you.
* * * LOW HITPOINT WARNING * * *
The helpless ogre fails to defend itself.
You hit the ogre.
The ogre is heavily wounded.
Your ball python bites the ogre but does no damage.
Something hits you.
* * * LOW HITPOINT WARNING * * *
Something shocks you.
* * * LOW HITPOINT WARNING * * *
The helpless ogre fails to defend itself.
You puncture the ogre! You bite the ogre, but do no damage.
The ogre is almost dead.
Your ball python bites the ogre.
Something hits you.
You die...

#..#
#.####.######
#..# #.# .#
#..# #.# .#
#..# #.# .#
#..# #.# ..
#..# .# #>?#
## #.{# #@S#
#.O# #.a#
#... #.##.
#.# .. #.# ..
#.# .##


You could see an ogre (paralysed), a worker ant and a friendly ball python.

Vanquished Creatures
  An ogre (D:4)
  2 worker ants
  A hound zombie (D:4)
  2 adders (D:3)
  An ooze (D:3)
  A worm (D:3)
  A leopard gecko (D:1)
  A hobgoblin (D:1)
  2 jackals (D:3)
  3 kobolds
  3 bats
  A frilled lizard (D:4)
  2 goblins (D:1)
  2 rats
23 creatures vanquished.

Vanquished Creatures (collateral kills)
  An adder zombie (D:5)
  A worm (D:4)
2 creatures vanquished.

Grand Total: 25 creatures vanquished

Notes
Turn   | Place    | Note
-------+----------+-------------------------------------------
     0 | D:1      | tidbits the Gnoll Transmuter began the quest for the Orb.
     0 | D:1      | Reached XP level 1. HP: 17/17 MP: 6/6
    36 | D:1      | Reached XP level 2. HP: 17/23 MP: 7/7
    40 | D:1      | Learned a level 2 spell: Sticks to Snakes
   157 | D:2      | Found a sacrificial altar of Ru.
   352 | D:3      | Reached skill level 5 in Spellcasting
   352 | D:3      | Reached XP level 3. HP: 19/28 MP: 5/9
   357 | D:3      | Learned a level 3 spell: Spider Form
   479 | D:3      | Reached skill level 1 in Invocations
   544 | D:4      | Reached skill level 1 in Short Blades
   544 | D:4      | Reached skill level 1 in Long Blades
   544 | D:4      | Reached skill level 1 in Axes
   544 | D:4      | Reached skill level 1 in Maces & Flails
   544 | D:4      | Reached skill level 1 in Polearms
   544 | D:4      | Reached skill level 1 in Staves
   544 | D:4      | Reached skill level 1 in Slings
   544 | D:4      | Reached skill level 1 in Bows
   544 | D:4      | Reached skill level 1 in Crossbows
   544 | D:4      | Reached skill level 1 in Throwing
   544 | D:4      | Reached skill level 1 in Armour
   544 | D:4      | Reached skill level 1 in Stealth
   544 | D:4      | Reached skill level 1 in Shields
   544 | D:4      | Reached skill level 1 in Evocations
   550 | D:4      | Reached XP level 4. HP: 23/34 MP: 8/11
   599 | D:4      | Noticed an ogre
   612 | D:4      | Killed an ogre
   612 | D:4      | Reached skill level 3 in Fighting
   612 | D:4      | Reached skill level 1 in Conjurations
   612 | D:4      | Reached skill level 1 in Hexes
   612 | D:4      | Reached skill level 1 in Charms
   612 | D:4      | Reached skill level 1 in Summonings
   612 | D:4      | Reached skill level 1 in Necromancy
   612 | D:4      | Reached skill level 1 in Translocations
   612 | D:4      | Reached skill level 1 in Fire Magic
   612 | D:4      | Reached skill level 1 in Ice Magic
   612 | D:4      | Reached skill level 1 in Air Magic
   612 | D:4      | Reached skill level 1 in Earth Magic
   612 | D:4      | Reached skill level 1 in Poison Magic
   612 | D:4      | Reached XP level 5. HP: 34/41 MP: 12/12
   655 | D:5      | Entered Level 5 of the Dungeon
   689 | D:5      | Reached skill level 4 in Transmutations
   698 | D:5      | Noticed an ogre
   701 | D:5      | Noticed a sky beast
   708 | D:5      | HP: 4/41 [something (5)]
   709 | D:5      | Slain by a sky beast

Skill      XL: |  1  2  3  4  5 |
---------------+----------------+-----
Spellcasting   | 5 |  5.2
Invocations    | 1 |  1.7
Short Blades   | 1 |  1.5
Long Blades    | 1 |  1.5
Axes           | 1 |  1.5
Maces & Flails | 1 |  1.5
Polearms       | 1 |  1.5
Staves         | 1 |  1.5
Slings         | 1 |  1.5
Bows           | 1 |  1.5
Crossbows      | 1 |  1.5
Throwing       | 1 |  1.5
Armour         | 1 |  1.5
Stealth        | 1 |  1.5
Shields        | 1 |  1.5
Evocations     | 1 |  1.5
Fighting       | 3 |  3.0
Conjurations   | 1 |  1.2
Hexes          | 1 |  1.2
Charms         | 1 |  1.2
Summonings     | 1 |  1.2
Necromancy     | 1 |  1.2
Translocations | 1 |  1.2
Fire Magic     | 1 |  1.2
Ice Magic      | 1 |  1.2
Air Magic      | 1 |  1.2
Earth Magic    | 1 |  1.2
Poison Magic   | 1 |  1.2
Transmutations | 4 |  4.0
Dodging        | |  4.8
Unarmed Combat | |  6.7

Action                   |  1- 3 |  4- 6 || total
-------------------------+-------+-------++-------
Melee: Unarmed           |    67 |     5 ||    72
       Headbutt          |     6 |       ||     6
       Punch             |     2 |       ||     2
       Kick              |     5 |     7 ||    12
       Bite              |     2 |     2 ||     4
       Short sword       |       |    17 ||    17
 Cast: Beastly Appendage |    10 |     2 ||    12
       Sticks to Snakes  |     3 |     1 ||     4
       Spider Form       |       |     1 ||     1
Evoke: Wand              |       |     2 ||     2
  Use: Potion            |     1 |       ||     1
       Scroll            |     3 |     1 ||     4
 Stab: Sleeping          |     1 |     1 ||     2
       Paralysed         |       |     7 ||     7
Armor: Robe              |    10 |     2 ||    12
Dodge: Dodged            |    40 |    10 ||    50

Table legend:
 A = Turns spent in this place as a percentage of turns spent in the entire game.
 B = Non-inter-level travel turns spent in this place as a percentage of non-inter-level travel turns spent in the entire game.
 C = Inter-level travel turns spent in this place as a percentage of turns spent in this place.
 D = Turns resting spent in this place as a percentage of non-inter-level travel turns spent in this place.
 E = Turns spent auto-exploring this place as a percentage of non-inter-level travel turns spent in this place.
 F = Non-inter-level travel turns spent in this place divided by the number of levels of this place that you've seen.
                   A       B       C       D       E      F
               +-------+-------+-------+-------+-------+----------------------
         Total | 100.0 | 100.0 |   0.0 |   0.0 |   0.0 | 141.8
       Dungeon | 100.0 | 100.0 |   0.0 |   0.0 |   0.0 | 141.8
               +-------+-------+-------+-------+-------+----------------------

Table legend:
 A = Kills in this place as a percentage of kills in entire the game.
 B = Kills by you in this place as a percentage of kills by you in the entire game.
 C = Kills by friends in this place as a percentage of kills by friends in the entire game.
 D = Other kills in this place as a percentage of other kills in the entire game.
 E = Experience gained in this place as a percentage of experience gained in the entire game.
 F = Experience gained in this place divided by the number of levels of this place that you have seen.
                   A       B       C       D       E      F
               +-------+-------+-------+-------+-------+----------------------
         Total | 100.0 | 100.0 | 100.0 |   N/A | 100.0 |  54.0
       Dungeon | 100.0 | 100.0 | 100.0 |   N/A | 100.0 |  54.0
               +-------+-------+-------+-------+-------+----------------------

Vault maps used:
D:1:      mushboom_english_gardens, serial_curves, eino_curves_03,
          eino_curves_02, eino_curves_03
D:2:      overflow_temple_1_default
D:3:      first_ration
